Workbook

Sheet Budget breakdown
A1: ="" | B1: Notes | C1: Estimated number of working days | D1: Fee rate EUR | E1: Amount
E2: EUR
A3: FEES (including overheads): | B3: 1
A4: Key experts | B4: 2.4
A5: - Team leader | E5: =C5*D5 -> 0
A6: [- Senior experts] | E6: =C6*D6 -> 0
A7: [- Junior experts] | E7: =C7*D7 -> 0
A8: [- <Other> expert] | E8: =C8*D8 -> 0
E9: =C9*D9 -> 0
E10: =C10*D10 -> 0
E11: =C11*D11 -> 0
A12: Non key experts | B12: 3.4 | E12: =C12*D12 -> 0
A13: [- Senior experts] | E13: =C13*D13 -> 0
A14: [- Junior experts] | E14: =C14*D14 -> 0
A15: [- <Other> expert] | E15: =C15*D15 -> 0
E16: =C16*D16 -> 0
E17: =C17*D17 -> 0
A19: MAXIMUM CONTRACT VALUE | E19: =SUM(E18:E18) -> 0
A23: NOTES: 1 All fee rates must cover: - the remuneration actually paid to the experts concerned per working day - administrative costs of employing the relevant experts, such as relocation and repatriation expenses, accommodation, expatriation allowances, leave, insurances and security arrangements and other employment benefits accorded to the experts by the Contractor - the margin, covering the Contractor's overheads, profit and backstopping facilities - any other expenditure which is needed to implement the contract and which is not covered eslewhere 2 Expert who is defined as instrumental in the Terms of Reference and who are subject to evaluation as part of the tender. 3 Expert who is not defined as instrumental in the Terms of Reference and who is approved by the Project Manager by administrative order. 4 The annual leave entitlement of experts must not exceed 60 calendar days per year Note that the input of experts must be given in full working days

Sheet Working Days
B1: Month 1 | C1: Month 2 | D1: Month 3 | E1: Month 4 | F1: Month 5 | G1: Month 6 | H1: Month 7 | I1: Month 8 | J1: Month 9 | K1: Month 10 | L1: Month 11 | M1: Month 12 | N1: Year 1 | O1: Cumulative total | P1: Month 13 | Q1: Month 14 | R1: Month 15 | S1: Month 16 | T1: Month 17 | U1: Month 18 | V1: Month 19 | W1: Month 20 | X1: Month 21 | Y1: Month 22 | Z1: Month 23 | AA1: Month 24 | AB1: Year 2 | AC1: Cumulative total | AD1: Month 25 | AE1: Month 26 | AF1: Month 27 | AG1: Month 28 | AH1: Month 29 | AI1: Month 30 | AJ1: Month 31 | AK1: Month 32 | AL1: Month 33 | AM1: Month 34 | AN1: Month 35 | AO1: Month 36 | AP1: Year 3 | AQ1: Cumulative total | AR1: Month 37 | AS1: Month 38 | AT1: Month 39 | AU1: Month 40 | AV1: Month 41 | AW1: Month 42 | AX1: Month 43 | AY1: Month 44 | AZ1: Month 45 | BA1: Month 46 | BB1: Month 47 | BC1: Month 48 | BD1: Year 4 | BE1: Cumulative total | BF1: Month 49 | BG1: Month 50 | BH1: Month 51 | BI1: Month 52 | BJ1: Month 53 | BK1: Month 54 | BL1: Month 55 | BM1: Month 56 | BN1: Month 57 | BO1: Month 58 | BP1: Month 59 | BQ1: Month 60 | BR1: Year 5 | BS1: Cumulative total
A3: Number of full working days
A4: ='Budget breakdown'!A4 -> Key experts | N4: =SUM(B4:M4) -> 0 | O4: =N4 -> 0 | AB4: =SUM(P4:AA4) -> 0 | AC4: =O4+AB4 -> 0 | AP4: =SUM(AD4:AO4) -> 0 | AQ4: =AC4+AP4 -> 0 | BD4: =SUM(AR4:BC4) -> 0 | BE4: =AQ4+BD4 -> 0 | BR4: =SUM(BF4:BQ4) -> 0 | BS4: =BE4+BR4 -> 0
A5: ='Budget breakdown'!A5 -> - Team leader | N5: =SUM(B5:M5) -> 0 | O5: =N5 -> 0 | AB5: =SUM(P5:AA5) -> 0 | AC5: =O5+AB5 -> 0 | AP5: =SUM(AD5:AO5) -> 0 | AQ5: =AC5+AP5 -> 0 | BD5: =SUM(AR5:BC5) -> 0 | BE5: =AQ5+BD5 -> 0 | BR5: =SUM(BF5:BQ5) -> 0 | BS5: =BE5+BR5 -> 0
A6: ='Budget breakdown'!A6 -> [- Senior experts] | N6: =SUM(B6:M6) -> 0 | O6: =N6 -> 0 | AB6: =SUM(P6:AA6) -> 0 | AC6: =O6+AB6 -> 0 | AP6: =SUM(AD6:AO6) -> 0 | AQ6: =AC6+AP6 -> 0 | BD6: =SUM(AR6:BC6) -> 0 | BE6: =AQ6+BD6 -> 0 | BR6: =SUM(BF6:BQ6) -> 0 | BS6: =BE6+BR6 -> 0
A7: ='Budget breakdown'!A7 -> [- Junior experts] | N7: =SUM(B7:M7) -> 0 | O7: =N7 -> 0 | AB7: =SUM(P7:AA7) -> 0 | AC7: =O7+AB7 -> 0 | AP7: =SUM(AD7:AO7) -> 0 | AQ7: =AC7+AP7 -> 0 | BD7: =SUM(AR7:BC7) -> 0 | BE7: =AQ7+BD7 -> 0 | BR7: =SUM(BF7:BQ7) -> 0 | BS7: =BE7+BR7 -> 0
A9: ='Budget breakdown'!A12 -> Non key experts
A10: ='Budget breakdown'!A13 -> [- Senior experts] | N10: =SUM(B10:M10) -> 0 | O10: =N10 -> 0 | AB10: =SUM(P10:AA10) -> 0 | AC10: =O10+AB10 -> 0 | AP10: =SUM(AD10:AO10) -> 0 | AQ10: =AC10+AP10 -> 0 | BD10: =SUM(AR10:BC10) -> 0 | BE10: =AQ10+BD10 -> 0 | BR10: =SUM(BF10:BQ10) -> 0 | BS10: =BE10+BR10 -> 0
A11: ='Budget breakdown'!A14 -> [- Junior experts] | N11: =SUM(B11:M11) -> 0 | O11: =N11 -> 0 | AB11: =SUM(P11:AA11) -> 0 | AC11: =O11+AB11 -> 0 | AP11: =SUM(AD11:AO11) -> 0 | AQ11: =AC11+AP11 -> 0 | BD11: =SUM(AR11:BC11) -> 0 | BE11: =AQ11+BD11 -> 0 | BR11: =SUM(BF11:BQ11) -> 0 | BS11: =BE11+BR11 -> 0
